 Dungeon Crawl Stone Soup version 0.31-a0-188-g5e087ee2ca (webtiles) character file.

Game seed: 16273105150596717238

35 qw the Shooter (level 3, 0/20 HPs)
             Began as a Deep Elf Hunter on June 22, 2023.
             Slain by Terence
             ... wielding a +0 short sword
              (2 damage)
             ... on level 2 of the Dungeon.
             The game lasted 00:00:21 (978 turns).

qw the Shooter (Deep Elf Hunter)                     Turns: 978, Time: 00:00:22

Health: 0/20       AC:  7    Str: 10    XL:     3   Next: 17%
Magic:  5/5        EV:  9    Int: 13    God:
Gold:   39         SH:  0    Dex: 18    Spells: 2/2 levels left

rFire   . . .        Y - +0 shortbow
rCold   . . .        (shield currently unavailable)
rNeg    . . .        f - +0 scale mail
rPois   .            j - +0 helmet
rElec   .            (no cloak)
rCorr   .            (no gloves)
SInv    +            (no boots)
Will    .....        (no amulet)
Stlth   +            i - ring of see invisible
HPRegen 0.23/turn    (no ring)
MPRegen 0.09/turn

%: no passive effects
@: no status effects
A: no striking features
a: no special abilities


You were on level 2 of the Dungeon.
You visited 1 branch of the dungeon, and saw 2 of its levels.

You collected 108 gold pieces.
You spent 69 gold pieces at shops.


   Skills:
 - Level 1.5 Fighting
 + Level 6.8 Ranged Weapons
 - Level 2.4 Dodging
 - Level 1.2 Stealth


You had 2 spell levels left.
You didn't know any spells.
Your spell library was empty.

Inventory:

Hand Weapons
 Y - a +0 shortbow (weapon)
Armour
 b - a scarf of shadows
 f - a +0 scale mail (worn)
 h - the +0 ring mail of the Imbibing Gods {Int+5}
   (You found it on level 2 of the Dungeon)

   Int:       It affects your intelligence (+5).
 j - a +0 helmet (worn)
Jewellery
 i - a ring of see invisible (left hand)
Scrolls
 a - 2 scrolls of identify
 c - a scroll of brand weapon {unknown}
 g - a scroll of poison {unknown}
 m - a scroll of noise {unknown}
Potions
 d - a potion of mutation {unknown}
 e - a potion of magic {unknown}
 k - 2 potions of curing {unknown}
 l - a potion of invisibility {unknown}

Dungeon Overview and Level Annotations

Branches:
Dungeon (2/15)

Altars:

Shops:
D:2 *

Annotations:
D:2 Terence


Message History

You shoot an arrow. The arrow closely misses Terence.
Terence hits you with a +0 short sword. Terence barely misses you.
You shoot an arrow.
The arrow hits Terence but does no damage.
Terence is heavily wounded.
Terence hits you with a +0 short sword.
You shoot an arrow. The arrow closely misses Terence.
Terence hits you but does no damage.
You shoot an arrow. The arrow closely misses Terence.
Terence hits you but does no damage.
Terence shouts, "Get ready for death!"
Terence completely misses you.
You shoot an arrow. The arrow closely misses Terence.
Terence hits you but does no damage.
You shoot an arrow. The arrow closely misses Terence.
Terence hits you with a +0 short sword.
Terence says, "You're history."
Terence barely misses you.
You shoot an arrow. The arrow completely misses Terence.
Terence hits you with a +0 short sword.
You shoot an arrow.
The arrow hits Terence but does no damage.
Terence is heavily wounded.
Terence hits you but does no damage.
You shoot an arrow. The arrow hits Terence.
Terence is severely wounded.
Terence hits you but does no damage. Terence barely misses you.
You shoot an arrow.
The arrow hits Terence but does no damage.
Terence is severely wounded.
Terence closely misses you.
You shoot an arrow.
The arrow hits Terence but does no damage.
Terence is severely wounded.
Terence hits you with a +0 short sword. Terence hits you but does no damage.
You shoot an arrow.
The arrow hits Terence but does no damage.
Terence is severely wounded.
Terence hits you with a +0 short sword.
You die...

...##.........................#.#
...##.#......#........###....##.#
......#.................<.......#
.#########..##........###.#######
..# #......#........# #.# ..#
#...............# #.# ..#
#...............# #.# ..#
#......############. ..#
#.........@@......
..#####......#####......
#.##.........# .....
####.........# ....
..##.........# ... ..##.........#
.. ..##....###### . ..##....#
........#


You could see Terence.

Vanquished Creatures
  An adder (D:2)
  A worm (D:2)
  A dart slug (D:2)
  3 bats (D:1)
  3 giant cockroaches
  A goblin (D:2)
  2 hobgoblins (D:2)
  4 ball pythons
  2 kobolds
  3 rats
21 creatures vanquished.

Notes
Turn   | Place    | Note
-------+----------+-------------------------------------------
     0 | D:1      | qw the Deep Elf Hunter began the quest for the Orb.
     0 | D:1      | Reached XP level 1. HP: 12/12 MP: 3/3
     0 | D:1      | 0 ||| qw: Version: 0.3-a-9-g12657ce
     0 | D:1      | 0 ||| qw: Game counter: 2992
     0 | D:1      | 0 ||| qw: Always use a shield: true
     0 | D:1      | 0 ||| qw: God list: Okawaru
     0 | D:1      | 0 ||| qw: Allow faded altars: false
     0 | D:1      | 0 ||| qw: Do Orc after D:15 true
     0 | D:1      | 0 ||| qw: Do second Lair branch before Depths: true
     0 | D:1      | 0 ||| qw: Lair rune preference: random
     0 | D:1      | 0 ||| qw: Plans: Normal
     0 | D:1      | 0 ||| PLANNING D:1-11
    77 | D:1      | 77 ||| DROPPING +0 sling of freezing.
   163 | D:1      | Reached XP level 2. HP: 16/16 MP: 4/4
   278 | D:1      | Reached skill level 6 in Ranged Weapons
   389 | D:1      | 389 ||| UPGRADING to +0 scale mail.
   399 | D:1      | 399 ||| DROPPING +0 leather armour.
   400 | D:1      | 400 ||| UPGRADING to +0 helmet.
   405 | D:1      | 405 ||| UPGRADING to ring of see invisible.
   406 | D:1      | 406 ||| READING 2 scrolls labelled CESEALL KOMUE.
   407 | D:1      | 407 ||| READING scroll labelled VOFUISEWIWNE.
   408 | D:1      | 408 ||| READING scroll labelled ZAPHUM UD RUKK.
   509 | D:1      | 509 ||| READING scroll labelled ITAKOV GULA.
   510 | D:1      | 510 ||| DROPPING scroll of butterflies.
   564 | D:2      | Found Sadi's Assorted Antiques.
   565 | D:2      | 565 ||| FLEEEEING.
   566 | D:2      | 566 ||| FLEEEEING.
   582 | D:2      | 582 ||| BUYING cyan potion (21 gold).
   582 | D:2      | Bought a cyan potion for 21 gold pieces
   582 | D:2      | 582 ||| SHOPLISTING ring mail (96 gold, have 80).
   582 | D:2      | 582 ||| BUYING scroll labelled FOIGYU ISCHOTH (24 gold).
   582 | D:2      | Bought a scroll labelled FOIGYU ISCHOTH for 24 gold pieces
   582 | D:2      | 582 ||| BUYING scroll labelled LOUCUSH VOST (24 gold).
   582 | D:2      | Bought a scroll labelled LOUCUSH VOST for 24 gold pieces
   582 | D:2      | 582 ||| SHOPLISTING scroll of identify (48 gold, have 32).
   647 | D:2      | Identified the +0 ring mail of the Imbibing Gods {Int+5}
   794 | D:2      | Reached XP level 3. HP: 13/20 MP: 5/5
   960 | D:2      | Noticed Terence
   972 | D:2      | HP: 5/20 [Terence/+0 short sword (3)]
   977 | D:2      | HP: 1/20 [Terence/+0 short sword (3)]
   978 | D:2      | Slain by Terence

Levels and vault maps discovered:
D:1:      lightli_arrival_boilingwater, layout_basic
D:2:      layout_basic, serial_shops, shop, uniq_terence

Skill      XL: |  1  2 |
---------------+-------+-----
Ranged Weapons | 6 |  6.8
Fighting       | |  1.5
Dodging        | |  2.4
Stealth        | |  1.2

Action                     || total
---------------------------++-------
   Fire: Shortbow          ||    70
    Use: Scroll            ||     4
 Armour: Scale mail        ||    16
  Dodge: Dodged            ||    18

Table legend:
 A = Non-vault XP
 B = Vault XP
 C = Vault XP percentage of total XP
 D = Non-vault monster count
 E = Vault monster count
 F = Vault count percentage of total count
                 A         B        C        D         E       F
            +---------+---------+-------+---------+---------+-------
      Total |      51 |       0 |   0.0 |      21 |       0 |   0.0
            +---------+---------+-------+---------+---------+-------
        D:1 |      13 |       0 |   0.0 |       9 |       0 |   0.0
        D:2 |      38 |       0 |   0.0 |      12 |       0 |   0.0
            +---------+---------+-------+---------+---------+-------
